 Dungeon Crawl Stone Soup version 0.28-a0-1616-g050a50673c (webtiles) character file.

Game seed: 2869188060447697003

166 issech the Cudgeller (level 5, -3/79 HPs)
             Began as a Troll Berserker on Jan 22, 2022.
             Was a Believer of Trog.
             Slain by a black mamba (shapeshifter) (16 damage)
             ... on level 1 of the Abyss.
             The game lasted 00:06:52 (1947 turns).

issech the Cudgeller (Troll Berserker)              Turns: 1947, Time: 00:06:53

Health: -3/79      AC:  4    Str: 25    XL:     5   Next: 22%
Magic:  4/4        EV: 10    Int:  3    God:    Trog [**....]
Gold:   102        SH:  0    Dex: 11    Spells: 4/4 levels left

rFire   . . .      SeeInvis .   a - +0 mace
rCold   . . .      Faith    .   (no shield)
rNeg    . . .      Spirit   .   b - +0 animal skin
rPois   .          Reflect  .   (helmet restricted)
rElec   .          Harm     .   (no cloak)
rCorr   .          Rampage  .   (gloves unavailable)
Will    .....                   (boots unavailable)
Stlth   ..........              (no amulet)
HPRegen 1.03/turn               (no ring)
MPRegen 0.09/turn               (no ring)

@: berserking, lethally poisoned (-3 -> -4), very quick
A: large, unfitting armour, claws 3, regeneration 1, shaggy fur 1, tough skin 1
a: Renounce Religion, Berserk, Trog's Hand


You were on level 1 of the Abyss.
You worshipped Trog.
Trog was pleased with you.
You visited 1 branch of the dungeon, and saw 3 of its levels.
You visited the Abyss 1 time.

You collected 102 gold pieces.

Inventory:

Hand Weapons
 a - a +0 mace (weapon)
 r - a +0 flail
 s - a +0 hunting sling
Missiles
 d - 33 bolts
 e - 29 sling bullets
 g - 34 arrows
 i - 5 poisoned darts (quivered)
 j - 66 stones
 o - 4 javelins
Armour
 b - a +0 animal skin (worn)
Scrolls
 f - a scroll of immolation {unknown}
 h - 2 scrolls of identify {unknown}
 m - a scroll of fear {unknown}
 n - a scroll of amnesia {unknown}
 p - a scroll of teleportation {unknown}
Potions
 c - a potion of haste {unknown}
 k - a potion of might {unknown}
 l - a potion of flight {unknown}
 q - a potion of brilliance {unknown}


   Skills:
 + Level 3.2 Fighting
 + Level 4.1 Maces & Flails
 + Level 3.3 Dodging
 + Level 0.2 Stealth


You had 4 spell levels left.
You didn't know any spells.
Your spell library contained the following spells:

 Spells                   Type           Power      Damage    Failure   Level
 Sublimation of Blood     Necr           0%         N/A       67%         2
 Petrify                  Tmut/Erth      0%         N/A       99%         4
 Irradiate                Conj/Tmut      0%         3d13      100%        5


Dungeon Overview and Level Annotations

Branches:
Dungeon (3/15)

Altars:

Annotations:
D:3 Robin


Innate Abilities, Weirdness & Mutations

You are too large for most types of armour.
You have claws for hands.
Your natural rate of healing is unusually fast.
You are covered in fur. (AC +1)
You have tough skin. (AC +1)


Message History

Robin points. "Kill!"
Robin hits you from afar with a +4 spear of distortion!
You are cast into the Abyss!
This branch contains the abyssal rune of Zot.
Found a gateway leading deeper into the Abyss.
There is a gateway leading deeper into the Abyss here.
You aren't carrying any pieces of jewellery.
There is a gateway leading deeper into the Abyss here.
A salamander comes into view.
A salamander is nearby!
The salamander changes into a black mamba!
The black mamba bites you!
You are poisoned.
The black mamba poisons you!
You feel very sick. The black mamba closely misses you.
A red film seems to cover your vision as you go berserk!
You feel yourself moving faster!
You feel mighty!
You feel very sick. The black mamba bites you.
You barely miss the black mamba.
You feel sick. The black mamba barely misses you. The black mamba bites you!
You closely miss the black mamba.
You feel sick. The black mamba barely misses you.
You sock the black mamba!
The black mamba is moderately wounded.
You feel sick. The black mamba bites you!!
* * * LOW HITPOINT WARNING * * *
The black mamba bites you!
* * * LOW HITPOINT WARNING * * *
You hit the black mamba.
The black mamba is heavily wounded.
You feel sick. The black mamba barely misses you.
You sock the black mamba!
The black mamba is heavily wounded.
You feel sick. The black mamba misses you.
You barely miss the black mamba.
The black mamba is heavily wounded.
The black mamba bites you!
You die...

##.#. #
##....#
..#.....#
.#.#.#..##
#...#....#
#......#
##..#...#
#....#S##
#.#.#.@## #.
##..# #.
#.#.# # ..#.#
#####
#ยง###....#..
#.. .##.....#
##..####...#
## ....##.# #
#.# .


You could see a black mamba shaped shifter.

Vanquished Creatures
  Terence (D:3)
  An orc wizard (D:3)
  An adder (D:2)
  3 gnolls (D:2)
  2 worms (D:2)
  A dart slug (D:1)
  6 orcs (D:3)
  3 bats (D:1)
  An endoplasm (D:1)
  4 giant cockroaches
  13 goblins
  5 hobgoblins
  3 jackals (D:1)
  3 quokkas
  7 ball pythons
  2 frilled lizards
  4 kobolds
  3 rats
63 creatures vanquished.

Notes
Turn   | Place    | Note
-------+----------+-------------------------------------------
     0 | D:1      | issech the Troll Berserker began the quest for the Orb.
     0 | D:1      | Reached XP level 1. HP: 22/22 MP: 0/0
   143 | D:1      | Reached XP level 2. HP: 29/29 MP: 1/1
   375 | D:1      | Reached skill level 3 in Maces & Flails
  1059 | D:2      | Reached XP level 3. HP: 36/36 MP: 2/2
  1127 | D:2      | Reached ** piety under Trog
  1217 | D:2      | Found a faded altar of an unknown god.
  1229 | D:2      | Reached XP level 4. HP: 23/44 MP: 3/3
  1640 | D:3      | Noticed Terence
  1658 | D:3      | Killed Terence
  1746 | D:3      | Reached skill level 4 in Maces & Flails
  1746 | D:3      | Reached XP level 5. HP: 48/53 MP: 4/4
  1841 | D:3      | Noticed Robin
  1864 | D:3      | Cast into level 1 of the Abyss (Robin)
  1931 | Abyss:1  | Noticed a salamander
  1937 | Abyss:1  | Noticed a black mamba
  1937 | Abyss:1  | a salamander changed into a black mamba
  1947 | Abyss:1  | Slain by a black mamba (shapeshifter)

Illustrated notes

Levels and vault maps discovered:
D:1:      minmay_arrival_diagonal_passages, layout_basic
D:2:      layout_basic, dreamdust_ecumenical_altar_statues,
          minmay_curled_crystal, minmay_cupped
D:3:      layout_basic, uniq_terence, uniq_robin
Abyss:1:  base: D:1, serial_sigils_hangedman_snap

Skill      XL: |  1  2  3  4 |
---------------+-------------+-----
Maces & Flails | 3 4 |  4.1
Dodging        | 3 |  3.3
Fighting       | 3 |  3.2
Stealth        | |  0.2

Action                   |  1- 3 |  4- 6 || total
-------------------------+-------+-------++-------
Melee: Mace              |   114 |   104 ||   218
       Punch             |     1 |       ||     1
Invok: Berserk           |       |     1 ||     1
Armor: Animal skin       |    57 |    28 ||    85
Dodge: Dodged            |    72 |    68 ||   140

Table legend: (Time is in decaauts)
 A = Elapsed time spent in this place.
 B = Non-inter-level travel time spent in this place.
 C = Inter-level travel time spent in this place.
 D = Time resting spent in this place.
 E = Time spent auto-exploring this place.
 F = Levels seen in this place.
 G = Mean time per level.
                   A        B        C        D        E       F      G
               +--------+--------+--------+--------+--------+-----+--------+
         Total |   1994 |   1982 |     12 |      0 |   1188 |   4 |  498.5 |
       Dungeon |   1913 |   1901 |     12 |      0 |   1171 |   3 |  637.7 |
         Abyss |     81 |     81 |      0 |      0 |     17 |   1 |   81.0 |
               +--------+--------+--------+--------+--------+-----+--------+

Top non-repeatable levels by time:
     D:1: 1061 daAuts
     D:2: 586 daAuts
     D:3: 265 daAuts
 Abyss:1: 81 daAuts
